 Dungeon Crawl Stone Soup version 0.21-a0-404-g291f19a (webtiles) character file.

239 graki42 the Firebug (level 5, -3/28 HPs)
             Began as a Deep Elf Fire Elementalist on Nov 1, 2017.
             Slain by an orc priest
             ... wielding a +0 hand axe
              (9 damage)
             ... on level 4 of the Dungeon.
             The game lasted 00:07:27 (3154 turns).

graki42 the Firebug (Deep Elf Fire Elementalist)    Turns: 3154, Time: 00:07:29

Health: -3/28      AC:  3    Str:  6    XL:     5   Next: 79%
Magic:  10/13      EV: 13    Int: 20    God:
Gold:   169        SH:  0    Dex: 15    Spells: 6/13 levels left

rFire    + . .     SeeInvis .   m - +1 whip (venom)
rCold    . . .     Gourm    .   (no shield)
rNeg     . . .     Faith    .   a - +0 robe
rPois    .         Spirit   .   r - +0 helmet
rElec    .         Reflect  .   (no cloak)
rCorr    .         Harm     .   (no gloves)
MR       .....                  (no boots)
Stlth    ++........             (no amulet)
HPRegen  0.09/turn              g - ring of protection from fire
MPRegen  0.13/turn              (no ring)

@: no status effects
A: no striking features
a: no special abilities


You were on level 4 of the Dungeon.
You were hungry.

You visited 1 branch of the dungeon, and saw 4 of its levels.

You collected 169 gold pieces.

Inventory:

Hand Weapons
 m - a +1 whip of venom (weapon)
Missiles
 l - 101 stones (quivered)
Armour
 a - a +0 robe (worn)
 r - a +0 helmet (worn)
Jewellery
 g - a ring of protection from fire (left hand)
 y - an uncursed ring of protection from fire
Scrolls
 h - 2 scrolls of magic mapping {unknown}
 o - 3 scrolls of amnesia {unknown}
 p - 3 scrolls of teleportation {unknown}
 q - a scroll of identify {unknown}
 s - a scroll of recharging {unknown}
 t - a scroll of fear {unknown}
 u - a scroll of enchant weapon {unknown}
 w - 2 scrolls of remove curse {unknown}
 x - a scroll of fog {unknown}
Potions
 e - a potion of berserk rage {unknown}
 f - 2 potions of curing {unknown}
 i - a potion of flight {unknown}
 j - a potion of degeneration {unknown}
 k - 2 potions of lignification {unknown}
 n - a potion of mutation {unknown}
 v - a potion of ambrosia {unknown}
 z - a potion of heal wounds {unknown}
 A - a potion of invisibility {unknown}
Books
 b - a book of Flames

   Spells                             Type                      Level
   a - Flame Tongue                   Conjuration/Fire             1
   b - Throw Flame                    Conjuration/Fire             2
   c - Conjure Flame                  Conjuration/Fire             3
   d - Inner Flame                    Hexes/Fire                   3
   e - Sticky Flame                   Conjuration/Fire             4
   f - Fireball                       Conjuration/Fire             5
Comestibles
 c - 4 bread rations
 d - 4 meat rations
 B - a royal jelly


   Skills:
 + Level 0.4 Maces & Flails
 + Level 2.8 Dodging
 + Level 3.4 Stealth
 + Level 4.6 Spellcasting
 + Level 2.8 Conjurations
 + Level 5.1 Fire Magic


You had 6 spell levels left.
You knew the following spells:

 Your Spells              Type           Power        Failure   Level  Hunger
a - Flame Tongue          Conj/Fire      ###..        2%          1    None
b - Conjure Flame         Conj/Fire      ###.....     7%          3    ##.....
c - Inner Flame           Hex/Fire       ###.....     12%         3    ##.....


Dungeon Overview and Level Annotations

Branches:
Dungeon (4/15)
 Temple: D:4-7

Altars:


Message History

The flame tongue hits the orc priest.
The orc priest appears unharmed.
The orc priest is heavily wounded.
Casting: Flame Tongue
Confirm with . or Enter, or press ? or * to list all spells.
Aiming: Flame Tongue
Press: ? - help, Shift-Dir - straight line, f/p - orc priest
Aim: an orc priest, wielding a hand axe and wearing a leather armour (severely wounded, poisoned)
The flame tongue misses the orc priest.
The orc priest mumbles some strange prayers to Beogh against you.
Pain shoots through your body!
Ouch! That really hurt!
* * * LOW HITPOINT WARNING * * *
Casting: Flame Tongue
Confirm with . or Enter, or press ? or * to list all spells.
Aiming: Flame Tongue
Press: ? - help, Shift-Dir - straight line, f/p - orc priest
Aim: an orc priest, wielding a hand axe and wearing a leather armour (severely wounded, poisoned)
The flame tongue misses the orc priest.
The orc priest hits you with a hand axe!
You die...

#.##.##.###....##.####.##
#.......# #.......# #..#
####.#### ######### ##.# #.#
######### #.# #.#
#.......#####.### #.#
#.......##......# #.#
#.......##.##.#.# #.#
#.......##.##.#.# #.#
#@......##.##.#.# ####.####
#o......##......# #.......#
#.......#####.### #.##.##.#
#.##.##.# #.#
#.##.##.###.##....# #.#
#.##.##.........#.# #.#
#.##.##o.##.###.#.#####.####
#.......................#...
####..##.##.#####.#######.##


You could see an orc priest.

Vanquished Creatures
  A phantom (D:4)
  An orc priest (D:4)
  4 adders
  An ooze (D:1)
  2 worms
  3 dart slugs
  6 orcs
  A ball python (D:3)
  3 giant cockroaches (D:3)
  5 goblins
  11 hobgoblins
  A quokka (D:3)
  6 bats
  5 frilled lizards
  5 kobolds
  A quokka skeleton (D:4)
  4 rats
60 creatures vanquished.

Notes
Turn   | Place    | Note
-------+----------+-------------------------------------------
     0 | D:1      | graki42 the Deep Elf Fire Elementalist began the quest for the Orb.
     0 | D:1      | Reached XP level 1. HP: 10/10 MP: 6/6
   129 | D:1      | Reached XP level 2. HP: 15/15 MP: 2/8
   435 | D:2      | Reached skill level 4 in Fire Magic
   482 | D:2      | Reached XP level 3. HP: 8/19 MP: 5/9
  1355 | D:2      | Learned a level 3 spell: Conjure Flame
  1359 | D:2      | Learned a level 3 spell: Inner Flame
  1849 | D:3      | Reached XP level 4. HP: 24/24 MP: 4/11
  2638 | D:4      | Reached XP level 5. HP: 28/28 MP: 2/13
  2893 | D:4      | Noticed a phantom
  2921 | D:4      | Killed a phantom
  2921 | D:4      | Reached skill level 5 in Fire Magic
  3154 | D:4      | Slain by an orc priest

Vault maps used:
D:1:      doesnt_arrival_eight_statues, serial_bayou_pond_d,
          grunt_decor_one_mirror
D:3:      grunt_ministairs_15
D:4:      nicolae_overflow_hidden_temple

Skill      XL: |  1  2  3  4  5 |
---------------+----------------+-----
Fire Magic     | 4 5 |  5.1
Stealth        | 3 |  3.4
Conjurations   | 2 |  2.8
Spellcasting   | 4 |  4.6
Maces & Flails | |  0.4
Dodging        | |  2.8

Action                   |  1- 3 |  4- 6 || total
-------------------------+-------+-------++-------
Melee: Whip              |    11 |    12 ||    23
 Cast: Flame Tongue      |    51 |    57 ||   108
       Conjure Flame     |       |     1 ||     1
       Inner Flame       |       |     1 ||     1
 Stab: Sleeping          |       |     1 ||     1
  Eat: Chunk             |     2 |     4 ||     6
Armor: Robe              |     2 |     2 ||     4
Dodge: Dodged            |    18 |    17 ||    35

Table legend:
 A = Spawn XP
 B = Non-spawn XP
 C = Spawn XP percentage of total XP
 D = Spawn monster count
 E = Non-spawn monster count
 F = Spawn count percentage of total count
 G = Total turns spent on level
                    A         B        C        D         E        F      G
               +---------+---------+-------+---------+---------+-------+---------
         Total |       0 |     342 |   0.0 |       0 |      60 |   0.0 |  3154
               +---------+---------+-------+---------+---------+-------+---------
           D:1 |       0 |      25 |   0.0 |       0 |      11 |   0.0 |   428
           D:2 |       0 |      68 |   0.0 |       0 |      17 |   0.0 |  1321
           D:3 |       0 |      58 |   0.0 |       0 |      23 |   0.0 |   980
           D:4 |       0 |     191 |   0.0 |       0 |       9 |   0.0 |   425
               +---------+---------+-------+---------+---------+-------+---------
